 Dungeon Crawl Stone Soup version 0.27.1-33-g824d729ab1 (webtiles) character file.

Game seed: 6681856900016119084

45 Atelerd the Digger (level 3, -3/21 HPs)
             Began as an Octopode Earth Elementalist on Dec 22, 2021.
             Slain by Natasha (9 damage)
             ... on level 2 of the Dungeon.
             The game lasted 00:01:16 (1690 turns).

Atelerd the Digger (Octopode Earth Elementalist)    Turns: 1690, Time: 00:01:17

Health: -3/21      AC:  1    Str:  7    XL:     3   Next: 64%
Magic:  4/6        EV: 13    Int: 18    God:
Gold:   106        SH:  5    Dex: 12    Spells: 6/7 levels left

rFire    . . .     SeeInvis .   g - +0 short sword (freeze)
rCold    . . .     Faith    .   (no shield)
rNeg     . . .     Spirit   .   (helmet restricted)
rPois    .         Reflect  +   e - amulet of reflection
rElec    .         Harm     .   (no ring)
rCorr    .         Rampage  .   (no ring)
Will     .....                  (no ring)
Stlth    +++.......             (no ring)
HPRegen  0.07/turn              (no ring)
MPRegen  0.10/turn              (no ring)
                                (no ring)
                                (no ring)

@: no status effects
A: almost no armour, amphibious, 8 rings, camouflage 1, gelatinous body 1,
(nimble swimmer 1), tentacles
a: no special abilities


You were on level 2 of the Dungeon.
You visited 1 branch of the dungeon, and saw 2 of its levels.

You collected 106 gold pieces.

Inventory:

Hand Weapons
 a - a +0 dagger
 g - a +0 short sword of freezing (weapon)
Missiles
 b - 60 stones
Jewellery
 d - an amulet of faith
 e - an amulet of reflection (around mantle)
 j - an amulet of the acrobat
Scrolls
 c - 3 scrolls of teleportation {unknown}
 f - a scroll of enchant weapon {unknown}
 h - a scroll of enchant armour {unknown}
 i - a scroll of holy word {unknown}


   Skills:
 - Level 2.0 Dodging
 - Level 2.6 Stealth
 + Level 2.6 Spellcasting
 - Level 2.0 Transmutations
 + Level 3.6 Earth Magic


You had 6 spell levels left.
You knew the following spells:

 Your Spells              Type           Power      Damage    Failure   Level
a - Sandblast             Erth           30%        2d9       3%          1

Your spell library contained the following spells:

 Spells                   Type           Power      Damage    Failure   Level
 Passwall                 Tmut/Erth      10%        N/A       9%          2
 Magic Dart               Conj           8%         1d3       17%         1
 Stone Arrow              Conj/Erth      16%        3d8       24%         3
 Searing Ray              Conj           4%         3d3       26%         2
 Ozocubu's Armour         Ice            2%         N/A       45%         3
 Petrify                  Tmut/Erth      12%        N/A       47%         4
 Fulminant Prism          Conj/Hex       1%         3d6       86%         4
 Metabolic Englaciation   Hex/Ice        1%         N/A       99%         5
 Simulacrum               Ice/Necr       1%         N/A       100%        6


Dungeon Overview and Level Annotations

Branches:
Dungeon (2/15)

Altars:

Annotations:
D:2 Natasha


Innate Abilities, Weirdness & Mutations

You cannot wear most types of armour.
You are amphibious.
You can wear up to eight rings at the same time.
Your skin changes colour to match your surroundings (Stealth+).
Your rubbery body absorbs attacks. (AC +1, EV +1)
((You are camouflaged near water. (Stealth+)))
You have tentacles for arms and can constrict up to eight enemies at once.


Message History

No target in view!
You can't see any susceptible monsters within range! (Use Z to cast anyway.) No target in view!
You open the door.
There is an open door here.
Found 4 gold pieces.
You can't see any susceptible monsters within range! (Use Z to cast anyway.)
You now have 106 gold pieces (gained 4).
You open the door.
There is an open door here.
You open the door.
Key pressed, stopping explore.
No target in view!
You can't see any susceptible monsters within range! (Use Z to cast anyway.) No target in view!
There is an open door here.
You open the door.
Natasha, Servant of Life and Death comes into view.
Natasha is nearby!
There is an open door here.
The blast of sand hits Natasha.
Natasha is moderately wounded.
Natasha hisses angrily.
Natasha drinks a potion.
Natasha seems to speed up.
The blast of sand hits Natasha.
Natasha is severely wounded.
Natasha mumbles some strange words.
You feel disoriented. Natasha casts a spell at you. The magic dart hits you.
Natasha misses you.
Natasha is nearby!
You barely miss Natasha. You grab Natasha.
Natasha is severely wounded.
You constrict Natasha.
Natasha stares at you and mumbles some strange words.
The magic dart hits you!
* * * LOW HITPOINT WARNING * * *
Natasha claws you!
You die...

....##'####### ########## #.##
.............. #........# #...
...#.#.####### #........# ####
...#...# #........# ...##..#
#.)......#
...##..###########........######
...###>..........'........'....#
...# #############..†.....####.#
...+ ......h@'........# #.# ...#
#########........# #.# ....
#####........# #.#
#...†.......>####.##
#.........###......#
#.........'.+......#
#.........##..._...#
#############......' #......#


You could see Natasha (fast).

Vanquished Creatures
  An adder (D:2)
  A dart slug (D:1)
  3 ball pythons (D:1)
  5 endoplasms (D:1)
  A giant cockroach (D:1)
  3 hobgoblins
  2 quokkas
  2 bats (D:1)
  3 frilled lizards (D:1)
  5 goblins
  4 kobolds
  2 rats
32 creatures vanquished.

Notes
Turn   | Place    | Note
-------+----------+-------------------------------------------
     0 | D:1      | Atelerd the Octopode Earth Elementalist began the quest for
                  | the Orb.
     0 | D:1      | Reached XP level 1. HP: 11/11 MP: 3/3
   248 | D:1      | Reached XP level 2. HP: 5/17 MP: 0/5
   890 | D:1      | Reached XP level 3. HP: 20/21 MP: 3/6
  1595 | D:2      | Found a faded altar of an unknown god.
  1685 | D:2      | Noticed Natasha
  1690 | D:2      | Slain by Natasha

Illustrated notes

Levels and vault maps discovered:
D:1:      ncdulo_watergridlock, layout_rooms
D:2:      layout_basic, ebering_ecumenical_altar_sacrificial, uniq_natasha

Skill      XL: |  1  2  3 |
---------------+----------+-----
Transmutations | 2 |  2.0
Dodging        | |  2.0
Stealth        | |  2.6
Spellcasting   | |  2.6
Earth Magic    | |  3.6

Action                   || total
-------------------------++-------
Melee: Dagger            ||    15
       Constrict         ||     7
       Tentacles         ||     1
       Short sword       ||     4
 Cast: Sandblast         ||    35
 Stab: Sleeping          ||     1
Armor: Skin              ||     1
Dodge: Dodged            ||    20
Block: Other             ||     2
